 Dungeon Crawl Stone Soup version 0.29-a0-378-gc08b2e8bf8 (webtiles) character file.

Game seed: 8982666551536734651

106 Bruhh the Skirmisher (level 5, -2/44 HPs)
             Began as a Human Monk on May 5, 2022.
             Was a Follower of Yredelemnul.
             Slain by Grinder (4 damage)
             ... on level 3 of the Dungeon.
             The game lasted 00:05:12 (3063 turns).

Bruhh the Skirmisher (Human Monk)                   Turns: 3063, Time: 00:05:14

Health: -2/44      AC:  3    Str: 12    XL:     5   Next: 10%
Magic:  4/5        EV: 13    Int: 10    God:    Yredelemnul [*.....]
Gold:   100        SH:  0    Dex: 17    Spells: 4/4 levels left

rFire   . . .      SeeInvis +   s - +0 long sword
rCold   . . .      Faith    .   (no shield)
rNeg    . . .      Spirit   .   b - +0 robe
rPois   .          Reflect  .   n - +0 helmet {SInv}
rElec   .          Harm     .   (no cloak)
rCorr   .          Rampage  .   (no gloves)
Will    .....                   (no boots)
Stlth   ++........              (no amulet)
HPRegen 0.14/turn               (no ring)
MPRegen 0.09/turn               (no ring)

@: attractive
A: no striking features
a: Renounce Religion, Recall Undead Harvest


You were on level 3 of the Dungeon.
You worshipped Yredelemnul.
Yredelemnul was noncommittal.
You visited 1 branch of the dungeon, and saw 3 of its levels.

You collected 100 gold pieces.

Inventory:

Hand Weapons
 a - a +0 falchion
 s - a +0 long sword (weapon)
Missiles
 q - 6 datura-tipped darts (quivered)
Armour
 b - a +0 robe (worn)
 m - a +0 helmet
 n - a +0 helmet of see invisible (worn)
Jewellery
 r - a +4 ring of evasion
 v - a ring of see invisible
Scrolls
 d - 3 scrolls of blinking {unknown}
 e - a scroll of poison {unknown}
 f - 2 scrolls of teleportation {unknown}
 g - a scroll of brand weapon {unknown}
 h - a scroll of torment {unknown}
 l - 5 scrolls of identify {unknown}
 o - a scroll of vulnerability {unknown}
 p - a scroll of immolation {unknown}
Potions
 c - a potion of ambrosia
 i - 2 potions of heal wounds {unknown}
 j - a potion of attraction
 k - a potion of curing {unknown}
 t - 2 potions of magic {unknown}
 u - a potion of resistance {unknown}


   Skills:
 + Level 5.4 Fighting
 - Level 3.0 Long Blades
 - Level 3.0 Dodging
 - Level 2.0 Stealth


You had 4 spell levels left.
You didn't know any spells.
Your spell library contained the following spells:

 Spells                   Type           Power      Damage    Failure   Level
 Slow                     Hex            0%         N/A       36%         1
 Confusing Touch          Hex            0%         N/A       75%         3
 Vampiric Draining        Necr           0%         2d6       75%         3
 Leda's Liquefaction      Hex/Erth       0%         N/A       98%         4
 Lee's Rapid Deconstruct  Erth           0%         3d5*      100%        5
 Statue Form              Tmut/Erth      0%         N/A       100%        6


Dungeon Overview and Level Annotations

Branches:
Dungeon (3/15)

Altars:
Nemelex Xobeh
Sif Muna
Wu Jian
Yredelemnul

Annotations:
D:3 Grinder


Message History

Your quokka zombie bites Grinder but does no damage.
Grinder misses you.
You hit Grinder but do no damage.
Grinder is lightly wounded.
Your quokka zombie closely misses Grinder.
Your orc zombie hits Grinder but does no damage.
Grinder misses you.
You hit Grinder.
Grinder is lightly wounded.
Your quokka zombie bites Grinder but does no damage.
Your orc zombie hits Grinder but does no damage.
Grinder hits your orc zombie.
You hit Grinder but do no damage.
Grinder is lightly wounded.
Your quokka zombie bites Grinder.
Grinder barely misses you.
Your orc zombie barely misses Grinder.
Your quokka zombie barely misses Grinder.
You slash Grinder!
Grinder is moderately wounded.
Grinder misses you.
Your orc zombie hits Grinder.
Your quokka zombie bites Grinder.
Grinder closely misses you.
You closely miss Grinder.
Grinder is heavily wounded.
Your orc zombie closely misses Grinder.
Your quokka zombie closely misses Grinder.
Grinder says, "FISH!"
Grinder barely misses you.
You completely miss Grinder.
Grinder is heavily wounded.
Your quokka zombie bites Grinder but does no damage.
Your orc zombie hits Grinder but does no damage.
Grinder hits you!
* * * LOW HITPOINT WARNING * * *
It was a potion of attraction.
You feel attractive to monsters.
Your quokka zombie bites Grinder.
Grinder hits you.
* * * LOW HITPOINT WARNING * * *
You writhe in agony.
You die...
Your body rises from the dead as a mindless zombie.

#...# .# #. #...### .
.# .. ......######## .
.# ..............
.#.##
......##########...##
#Z..###
#######)....#### #...#
#...............
##.######.#####.ZZ..#.
##.....Z..# ##@ZZ## #
##.##.######## ##5##
...##...#..... .#
##.##8..8# ..
##.##.ZZ.# ###
..###..### #.#.Z.Z..#
..###..### #_.....#


You could see Grinder (ally target), a friendly quokka zombie, a friendly worm
zombie, a friendly hobgoblin zombie and a friendly orc zombie.

Vanquished Creatures
  2 adders (D:3)
  An ufetubus (D:2)
  A worm (D:3)
  4 dart slugs (D:1)
  An orc (D:3)
  8 ball pythons
  5 bats
  2 endoplasms
  4 giant cockroaches (D:1)
  8 goblins
  4 hobgoblins
  4 kobolds
  5 quokkas
  2 frilled lizards
  3 rats
54 creatures vanquished.

Vanquished Creatures (collateral kills)
  An adder (D:2)
  A dart slug (D:3)
  A frilled lizard (D:2)
3 creatures vanquished.

Vanquished Creatures (others)
  7 fungi (D:1)
  6 plants (D:1)
13 creatures vanquished.

Grand Total: 70 creatures vanquished

Notes
Turn   | Place    | Note
-------+----------+-------------------------------------------
     0 | D:1      | Bruhh the Human Monk began the quest for the Orb.
     0 | D:1      | Reached XP level 1. HP: 18/18 MP: 1/1
   145 | D:1      | Reached XP level 2. HP: 24/24 MP: 2/2
   262 | D:1      | Reached skill level 4 in Fighting
   262 | D:1      | Reached XP level 3. HP: 30/30 MP: 3/3
   962 | D:1      | Found a faded altar of an unknown god.
  1006 | D:1      | Prayed at the altar of an unknown god.
  1006 | D:1      | Became a worshipper of Yredelemnul the Dark
  1006 | D:1      | Reached * piety under Yredelemnul
  1006 | D:1      | Reached ** piety under Yredelemnul
  1120 | D:2      | Reached XP level 4. HP: 35/38 MP: 1/4
  1989 | D:2      | Reached skill level 5 in Fighting
  2900 | D:3      | Found an ornate altar of the Wu Jian Council.
  2913 | D:3      | Reached XP level 5. HP: 41/44 MP: 5/5
  3018 | D:3      | Found a sparkling altar of Nemelex Xobeh.
  3022 | D:3      | Found a shimmering blue altar of Sif Muna.
  3045 | D:3      | Noticed Grinder
  3063 | D:3      | HP: 2/44 [Grinder (6)]
  3063 | D:3      | Slain by Grinder

Illustrated notes

Levels and vault maps discovered:
D:1:      minmay_arrival_stair_chambers, layout_loops_ring,
          shapermc_ecumenical_altar_mp_urbaneastern
D:2:      layout_loops_corners
D:3:      layout_loops_ring, nicolae_wu_jian_wuxing_cycle, minitemple,
          minmay_randomly_rotated_circles, uniq_grinder

Skill      XL: |  1  2  3  4 |
---------------+-------------+-----
Fighting       | 4 5 |  5.4
Long Blades    | |  3.0
Dodging        | |  3.0
Stealth        | |  2.0

Action                   |  1- 3 |  4- 6 || total
-------------------------+-------+-------++-------
Melee: Falchion          |    73 |    60 ||   133
       Punch             |     1 |     1 ||     2
       Long sword        |       |    26 ||    26
Invok: Recall Undead Har |     1 |     2 ||     3
       Stop Recall       |       |     1 ||     1
  Use: Potion            |       |     1 ||     1
 Stab: Sleeping          |    10 |     7 ||    17
       Distracted        |     1 |     1 ||     2
Armor: Robe              |    10 |    11 ||    21
Dodge: Dodged            |    42 |    63 ||   105

Table legend: (Time is in decaauts)
 A = Elapsed time spent in this place.
 B = Non-inter-level travel time spent in this place.
 C = Inter-level travel time spent in this place.
 D = Time resting spent in this place.
 E = Time spent auto-exploring this place.
 F = Levels seen in this place.
 G = Mean time per level.
                   A        B        C        D        E       F      G
               +--------+--------+--------+--------+--------+-----+--------+
         Total |   3087 |   3054 |     33 |      0 |   2514 |   3 | 1029.0 |
       Dungeon |   3087 |   3054 |     33 |      0 |   2514 |   3 | 1029.0 |
               +--------+--------+--------+--------+--------+-----+--------+

Top non-repeatable levels by time:
     D:2: 1190 daAuts
     D:1: 1126 daAuts
     D:3: 771 daAuts
